 Dungeon Crawl Stone Soup version 0.19.0-11-g3fc08b3 (webtiles) character file.

1047 inmateoo the Martial Artist (level 8, -3/59 HPs)
             Began as a Demonspawn Monk on Nov 8, 2016.
             Slain by an ogre
             ... wielding a +0 giant club
              (14 damage)
             ... on level 5 of the Dungeon.
             The game lasted 00:09:39 (7161 turns).

inmateoo the Martial Artist (Demonspawn Monk)       Turns: 7161, Time: 00:09:40

Health: -3/59      AC: 10    Str: 14    XL:     8   Next: 5%
Magic:  8/8        EV:  4    Int: 12    God:
Gold:   278        SH:  0    Dex: 15    Spells: 0 memorised, 7 levels left

rFire  . . .     SeeInvis .       - Unarmed
rCold  . . .     Gourm    .     w - +0 plate armour
rNeg   . . .     Faith    .     (no shield)
rPois  .         Spirit   .     (no helmet)
rElec  .         Reflect  .     (no cloak)
rCorr  .         Harm     .     (no gloves)
MR     +....                    (no boots)
Stlth  ..........               (no amulet)
                                l - ring of loudness (curse)
                                c - ring of protection from magic

@: no status effects
A: claws 1, hooves 1
a: no special abilities


You were on level 5 of the Dungeon.
You were not hungry.

You visited 1 branch of the dungeon, and saw 5 of its levels.
You also visited: Ossuary.

You collected 278 gold pieces.

Inventory:

Armour
 w - a +0 plate armour (worn)
Jewellery
 c - a ring of protection from magic (left claw)
 l - a cursed ring of loudness (right claw)
Wands
 a - a wand of enslavement (4/24)
Scrolls
 e - a scroll of fog
 m - a scroll of remove curse
 q - a scroll of blinking
 r - 3 scrolls of teleportation
 s - 2 scrolls of amnesia
 t - a scroll of recharging
Potions
 d - a potion of resistance
 f - 2 potions of curing {unknown}
 g - 2 potions of degeneration {unknown}
 h - a potion of might
 j - 2 potions of brilliance {unknown}
 k - 2 potions of berserk rage {unknown}
 n - a potion of invisibility {unknown}
 o - a potion of agility {unknown}
 p - a potion of magic {unknown}
 u - a potion of mutation {unknown}
 z - a potion of flight {unknown}
Books
 x - a book of Maledictions

   Spells                             Type                      Level
   a - Corona                         Hexes                        1
   b - Ensorcelled Hibernation        Hexes/Ice                    2
   c - Confuse                        Hexes                        3
   d - Tukima's Dance                 Hexes                        3
   e - Dazzling Spray                 Conjuration/Hexes            3
Comestibles
 b - 4 bread rations
 i - a meat ration
 v - a beef jerky


   Skills:
 + Level 3.6 Fighting
 + Level 1.0 Armour
 - Level 2.6 Dodging
 - Level 1.7 Stealth
 * Level 8.7 Unarmed Combat


You had 7 spell levels left.
You didn't know any spells.

Dungeon Overview and Level Annotations

Branches:
Dungeon (5/15)
 Temple: D:4-7

Altars:
Ashenzari
Fedhas
Okawaru

Annotations:
D:2 Natasha
D:3 mistymad's ghost, amateur NaTm


Innate Abilities, Weirdness & Mutations

You have sharp fingernails.
You have large cloven feet.


Message History

The ogre completely misses you.
You climb downwards.
There is a stone staircase leading up here.
You claw the ogre! You kick the ogre, but do no damage.
The ogre is moderately wounded.
The ogre hits you with a giant club!
You scratch the ogre. You kick the ogre, but do no damage.
The ogre is heavily wounded.
You completely miss the ogre. You kick the ogre, but do no damage.
The ogre is heavily wounded.
The ogre hits you with a giant club!
* * * LOW HITPOINT WARNING * * *
You are too injured to fight recklessly!
You scratch the ogre.
The ogre is heavily wounded.
Okay, then.
You scratch the ogre but do no damage.
The ogre is heavily wounded.
The ogre hits you with a giant club!
You die...

...........##...#.>.##.#....>.#
...........##...#...##......#.#
...........###########.....##.# #
...........##...#...###..#....# #
...........##.>.#.>.###.....### #
............#...#...#......## #
.........#).'#######'#......#####
.........#.#.######.......#......
......#....#[##.@O.###....#######
....###...##.###...###...[# #
................#..#...##.### #
......#................##...## #
....#.#................####..# #
....#................#.#####.##
......................_..# #..#
...#.................#.#.####.###
#.....#...................###....


You could see an ogre.

Vanquished Creatures
  Eustachio (D:5)
  A necrophage (D:5)
  2 elf zombies (Ossuary)
  A scorpion (D:5)
  2 centaur zombies (Ossuary)
  A hound (D:5)
  A human zombie (Ossuary)
  A jelly (D:5)
  An orc priest (D:4)
  A centaur skeleton (D:5)
  4 orc wizards
  3 ogre zombies (Ossuary)
  7 mummies (Ossuary)
  9 adders
  3 oozes
  4 adder zombies (Ossuary)
  6 dart slugs
  3 leopard geckos
  11 orcs
  3 giant cockroaches
  7 goblins
  7 hobgoblins
  2 jackals (D:3)
  3 quokkas
  6 bats
  4 frilled lizards
  5 goblin zombies (Ossuary)
  3 hobgoblin zombies (Ossuary)
  7 kobolds
  4 kobold zombies (Ossuary)
  2 quokka zombies (Ossuary)
  11 rats
  4 rat zombies (Ossuary)
130 creatures vanquished.

Notes
Turn   | Place    | Note
-------+----------+-------------------------------------------
     0 | D:1      | inmateoo the Demonspawn Monk began the quest for the Orb.
     0 | D:1      | Reached XP level 1. HP: 18/18 MP: 1/1
    50 | D:1      | Reached skill level 3 in Unarmed Combat
   186 | D:1      | Gained mutation: You have sharp fingernails. [demonic ancestry]
   186 | D:1      | Reached XP level 2. HP: 16/24 MP: 2/2
   870 | D:2      | Reached XP level 3. HP: 28/29 MP: 3/3
  1071 | D:2      | Reached skill level 4 in Unarmed Combat
  1351 | D:2      | Reached XP level 4. HP: 7/35 MP: 4/4
  1638 | D:2      | Found an iron altar of Okawaru.
  1913 | D:2      | Noticed Natasha
  2061 | D:2      | Found a shattered altar of Ashenzari.
  2551 | D:2      | Reached skill level 5 in Unarmed Combat
  2683 | D:2      | Reached XP level 5. HP: 23/41 MP: 5/5
  2996 | D:3      | Noticed mistymad's ghost (amateur NaTm)
  4558 | D:4      | Reached skill level 6 in Unarmed Combat
  4808 | D:4      | Reached XP level 6. HP: 11/47 MP: 6/6
  5089 | D:4      | Found a blossoming altar of Fedhas.
  5091 | D:5      | Entered Level 5 of the Dungeon
  5094 | D:5      | Found an iron altar of Okawaru.
  5142 | D:5      | Found a sand-covered staircase.
  5299 | Ossuary  | Entered an ossuary
  5427 | Ossuary  | Reached skill level 7 in Unarmed Combat
  5965 | Ossuary  | Gained mutation: You have large cloven feet. [demonic ancestry]
  5965 | Ossuary  | Reached XP level 7. HP: 37/52 MP: 7/7
  6353 | Ossuary  | Reached skill level 8 in Unarmed Combat
  6797 | D:5      | Noticed Eustachio
  6821 | D:5      | Killed Eustachio
  6821 | D:5      | Reached XP level 8. HP: 33/59 MP: 8/8
  7064 | D:5      | Reached skill level 1 in Armour
  7161 | D:5      | Slain by an ogre

Skill      XL: |  1  2  3  4  5  6  7  8 |
---------------+-------------------------+-----
Unarmed Combat | 3 4 5 6 7 8 |  8.7
Armour         | 1 |  1.0
Fighting       | |  3.6
Dodging        | |  2.6
Stealth        | |  1.7

Action                   |  1- 3 |  4- 6 |  7- 9 || total
-------------------------+-------+-------+-------++-------
Melee: Unarmed           |   119 |   321 |   101 ||   541
       Punch             |       |    10 |     4 ||    14
       Kick              |       |       |    37 ||    37
Evoke: Wand              |       |     1 |       ||     1
  Use: Scroll            |       |     8 |     2 ||    10
 Stab: Sleeping          |     6 |     5 |       ||    11
       Distracted        |       |     1 |       ||     1
  Eat: Chunk             |     1 |    12 |       ||    13
       Pizza             |       |     2 |       ||     2
       Meat ration       |       |       |     1 ||     1
Armor: Robe              |    29 |    18 |       ||    47
       Leather armour    |       |    21 |    12 ||    33
       Plate armour      |       |       |    37 ||    37
Dodge: Dodged            |    79 |   135 |    20 ||   234
